 Dungeon Crawl Stone Soup version 0.13.0-3-g966e3ec (console) character file.

237430 nht the Severer (level 19, -24/177 HPs)
             Began as a Gargoyle Hunter on Oct 13, 2013.
             Was a High Priest of Trog.
             Annihilated by nht's illusion (33 damage)
             ... woven by Mara
             ... on Level 19 of the Dungeon.
             The game lasted 02:10:45 (42425 turns).

nht the Severer (Gargoyle Hunter)                  Turns: 42425, Time: 02:10:45

HP -24/177       AC 39     Str 31      XL: 19   Next: 62%
MP   0/6         EV  8     Int 13      God: Trog [*****.]
Gold 2190        SH  0     Dex 12      Spells:  0 memorised, 18 levels left

Res.Fire  : + . .   See Invis. : .   n - +4,+7 battleaxe (antimagic)
Res.Cold  : + + .   Warding    : .   Z - +2 plate armour {rF+}
Life Prot.: + . .   Conserve   : +   (no shield)
Res.Poison: +       Res.Corr.  : .   k - +0 helmet
Res.Elec. : +       Clarity    : .   u - +0 cloak of Pathos {rC++}
Sust.Abil.: . .     Spirit.Shd : .   Y - +1 pair of gloves "Limovvuc" {Str+3 Dex+2}
Res.Mut.  : .       Stasis     : .   s - +0 pair of boots
Res.Rott. : +       Flight     : +   S - amulet of conservation
Saprovore : . . .                    D - +5,+5 ring of slaying
                                     H - ring of protection from magic

@: berserking (expiring), flying, very quick, very resistant to hostile
enchantments, extremely unstealthy
A: large and strong wings, fangs 1, talons 2, life protection 1, electricity
resistance, slow metabolism 2, unbreathing, petrification resistance, AC +13
a: Stop Flying, Burn Spellbooks, Berserk, Trog's Hand, Brothers in Arms,
Renounce Religion
}: 1/15 runes: serpentine


You were on level 19 of the Dungeon.
You worshipped Trog.
Trog was extremely pleased with you.
You were full.

You visited 5 branches of the dungeon, and saw 40 of its levels.
You also visited: Volcano.

You collected 4422 gold pieces.
You spent 2252 gold pieces at shops.

Inventory:

Hand weapons
 a - the +4,+6 battleaxe "Ythreody" {elec, +Inv rN+}
   (Trog gifted it to you on level 3 of the Snake Pit)

   Occasionally, upon striking a foe, it will discharge some electrical energy
   and cause terrible harm.
   It protects you from negative energy.
   It lets you turn invisible.
 b - a +3,+8 crossbow of flame
 f - a +0 blowgun
 n - a +4,+7 anti-magic battleaxe (weapon)
Missiles
 g - 18 curare-tipped needles
 i - 68 bolts of frost
 j - 76 bolts of penetration
 o - 113 bolts of flame
 q - 114 bolts
 N - 97 poisoned bolts
 V - 14 silver bolts
Armour
 k - a +0 helmet (worn)
 s - a +0 pair of boots (worn)
 u - the +0 cloak of Pathos (worn) {rC++}
   (You bought it in a shop on level 4 of the Orcish Mines)

   It greatly protects you from cold.
 Y - the +1 pair of gloves "Limovvuc" (worn) {Str+3 Dex+2}
   (You bought it in a shop on level 16 of the Dungeon)

   It affects your strength (+3).
   It affects your dexterity (+2).
 Z - a +2 plate armour of fire resistance (worn)
Magical devices
 c - a wand of draining (0)
 d - a wand of hasting (5)
 h - a wand of teleportation (5)
 l - a wand of hasting (1)
 t - a wand of draining (5)
 y - a wand of disintegration (10)
 E - a wand of digging (6)
 K - a wand of draining (4)
 M - a wand of lightning (2)
 O - a wand of cold (4)
 U - a wand of heal wounds (6)
Comestibles
 B - 5 bread rations
 J - 3 meat rations
 W - 6 honeycombs
Scrolls
 m - 3 scrolls of identify
 p - 3 scrolls of remove curse
 v - 2 scrolls of blinking
 x - 2 scrolls of fog
 I - a scroll of teleportation
 T - 3 scrolls of fear
Jewellery
 e - an uncursed ring of see invisible
 D - a +5,+5 ring of slaying (right hand)
 H - a ring of protection from magic (left hand)
 S - an amulet of conservation (around neck)
Potions
 C - 3 potions of curing
 F - a potion of agility
 G - 2 potions of heal wounds
Rods
 w - a +3 rod of inaccuracy (9/9)
   (You bought it in a shop on level 10 of the Dungeon)
 P - a +0 rod of frigid destruction (14/14)
   (You took it off an orc on level 11 of the Dungeon)


   Skills:
 + Level 14.2 Fighting
 * Level 20.4 Axes
 + Level 17.4 Crossbows
 + Level 14.1 Armour
 - Level 1.5 Dodging
 - Level 1.1 Stealth


You had 18 spell levels left.
You didn't know any spells.

Dungeon Overview and Level Annotations

Branches:
Dungeon (19/27)            Temple (0/1) D:5             Orc (4/4) D:11
    Elf (0/3) Orc:4          Lair (8/8) D:12          Swamp (0/5) Lair:5
  Snake (5/5) Lair:6        Slime (0/6) Lair:8       Vaults (4/5) D:17
  Blade (0/1) Vaults:3      Crypt (0/5) Vaults:3

Altars:
Fedhas
Makhleb
Nemelex Xobeh
Sif Muna
Trog
Yredelemnul
Zin
Beogh

Shops:
D:9 !   D:10 *   D:12 %   D:16 [(?%[   Orc:4 +[*(   Snake:3 *+   Snake:5 *
Vaults:4 }

Annotations:
D:14 exclusion: Roxanne, Roxanne
Lair:4 exclusion: oklob plant
Lair:5 exclusion: oklob plant
Vaults:1 Frances


Innate Abilities, Weirdness & Mutations

You are resistant to torment.
You are immune to poison.
You can fly continuously.
Your stone body is very resilient (AC +13).
Your wings are large and strong.
You have very sharp teeth.
You have razor-sharp toenails.
You resist negative energy.
You are resistant to electric shocks.
You need consume almost no food.
You can survive without breathing.
You are immune to petrification.


Message History

Nht's illusion is moderately damaged.
Mara hits you but does no damage. Nht's illusion hits you!
You slash nht's illusion!
Nht's illusion's magic leaks into the air.
Nht's illusion is moderately damaged.
You hit nht's illusion but do no damage.
Nht's illusion is moderately damaged.
Nht's illusion hits you!
* * * LOW HITPOINT WARNING * * *
Mara throws fire at you.
The bolt of fire hits nht's illusion.
Nht's illusion resists.
The bolt of fire hits you! You resist.
* * * LOW HITPOINT WARNING * * *
You are too berserk!
You slice nht's illusion!!
Nht's illusion's magic leaks into the air.
You bite nht's illusion, but do no damage.
Nht's illusion is severely damaged.
Nht's illusion hits you!
You die...

▒▒·▒▒▒ ▒▒▒·▒ ▒▒··P·♣≈≈♣≈··P
▒·≈≈≈♣▒ ▒·≈·▒▒▒<····P≈≈≈≈··P
▒≈≈≈·≈▒ ▒l·≈····(······♣···▒
▒·≈≈≈·▒ ▒≈≈j▒▒▒···▒▒▒·▒▒▒▒▒▒
▒▒·▒▒▒▒▒ ▒≈≈≈▒ ▒▒·▒▒ ▒·▒ ▒·····▒
▒·≈·▒ ▒·▒ ▒▒·▒▒ ▒▒▒▒▒·▒ ▒▒▒·▒
▒·▒▒▒···▒▒ ▒·▒ ▒)▒ ▒·▒▒·····▒▒▒▒
▒·▒ ▒@▒ ▒···········▒ ▒·▒ ▒@▒
▒▒▒▒·····▒▒)▒ ▒·▒ ▒R▒ ▒▒···▒▒▒·▒
▒·▒ ▒▒▒▒▒▒▒(▒▒▒▒▒▒▒▒▒·▒▒ ▒·▒
▒▒▒▒▒▒·▒▒▒·<@····(·········▒ ▒·▒
▒·······▒▒·▒▒▒▒▒▒▒▒▒▒▒▒▒▒▒▒▒▒▒▒·▒
···········▒ ▒·!·······
··▒▒▒▒··▒▒▒▒▒▒▒▒ ▒·▒▒▒▒▒▒·▒
▒▒▒▒▒▒···[·····▒ ▒·▒ ▒·▒


You could see Mara and nht's illusion (berserk).

Vanquished Creatures
  Margery (Vaults:2)
  Mara (D:19)
  Mennas (Vaults:3)
  Nikola (D:16)
  A lich (Vaults:2)
  A sphinx (Vaults:3)
  A storm dragon (Vaults:2)
  Wiglaf (D:17)
  Maud (D:14)
  4 vault wardens
  Aizul (D:16)
  Gastronok (Orc:1)
  Jorgrun (Snake:5)
  8 stone giants
  2 greater nagas (Snake:5)
  Azrael (Vaults:3)
  A deep elf death mage (Vaults:2)
  An ettin (Vaults:3)
  6 vault guards
  5 dragons
  11 yaktaur captains
  5 ironheart preservers
  Fannar (Snake:1)
  Harold (D:11)
  5 ogre magi
  Josephine (Orc:3)
  5 great orbs of eyes
  2 ravenous item mimics
  Nessos (D:14)
  7 hydras
  3 anacondas
  An orc high priest (Orc:4)
  9 naga warriors
  A rakshasa (D:19)
  A spectral elf (Vaults:2)
  Urug (Orc:3)
  15 centaur warriors
  A fire crab (Vaults:1)
  A catoblepas (Lair:7)
  Nergalle (Orc:4)
  5 hell knights (Vaults:2)
  4 skeletal warriors (D:13)
  6 unseen horrors
  A storm dragon skeleton (Vaults:4)
  2 deep trolls (Vaults:4)
  12 orc knights
  A giant orange brain (Vaults:4)
  A lindwurm (Lair:8)
  An ice statue (Vaults:4)
  8 ironbrand convokers
  A giant orange brain (shapeshifter) (D:18)
  3 giant amoebae
  7 hill giants
  2 necromancers
  2 deep elf conjurers (Vaults:4)
  A griffon (Vaults:2)
  A frost giant zombie (Vaults:2)
  5 stone giant zombies
  A fire giant zombie (Vaults:3)
  3 orc sorcerers
  6 cyclopes
  A shadow dragon skeleton (Vaults:4)
  5 elephants (Lair:6)
  22 black mambas
  6 spiny worms
  A deep elf summoner (Vaults:2)
  11 vault sentinels
  3 frost giant skeletons
  5 stone giant skeletons
  2 fire giant skeletons
  8 spiny frogs
  2 guardian serpents
  Psyche (D:11)
  23 yaktaurs
  3 fire drakes
  2 iron troll zombies
  A silent spectre (Vaults:3)
  A jumping spider (Vaults:4)
  2 deep elf priests (Vaults:2)
  A queen bee (D:13)
  An iron troll skeleton (Vaults:4)
  A polar bear (shapeshifter) (D:18)
  9 komodo dragons
  12 naga magi
  9 two-headed ogres
  A giant leech (Lair:8)
  Sonja (Orc:2)
  36 slime creatures
  A polar bear (D:14)
  12 blink frogs
  A fire vortex (Volcano)
  An ice dragon zombie (D:16)
  A griffon zombie (D:19)
  14 trolls
  A basilisk (shapeshifter) (D:19)
  A blink frog (shapeshifter) (D:16)
  A red wasp zombie (D:16)
  A dragon zombie (D:17)
  A stone giant simulacrum (Vaults:2)
  3 boulder beetles
  7 water elementals
  7 redbacks
  5 basilisks
  A griffon skeleton (D:14)
  6 wraiths
  2 ettin skeletons
  A yak (shapeshifter) (Vaults:1)
  3 vampires
  3 shadows
  A toenail golem (Volcano)
  A deep elf mage (Vaults:4)
  71 ugly things
  Eustachio (Orc:1)
  3 tarantellas
  3 fire elementals
  9 deep elf fighters
  5 sharks
  7 hippogriffs
  2 steam dragons (Lair:8)
  55 yaks
  5 rock worms
  3 wyverns
  A molten gargoyle (Volcano)
  14 vampire mosquitoes
  4 wolves (Lair:5)
  A wolf (shapeshifter) (Vaults:4)
  A hungry ghost (Vaults:3)
  3 necrophages
  2 manticores
  A deep troll zombie (Vaults:3)
  2 soldier ants (D:11)
  A hydra simulacrum (D:15)
  6 porcupines
  62 nagas
  3 hell hounds (Vaults:3)
  4 swamp drakes
  3 freezing wraiths
  5 mottled dragons
  3 sky beasts
  36 orc warriors
  4 phantoms
  3 black bears
  3 yellow wasps (D:13)
  8 ice beasts
  27 ogres
  11 giant goldfish
  26 centaurs
  Sigmund (D:3)
  Duvessa (D:6)
  A blink frog skeleton (D:15)
  5 wargs
  2 brain worms (D:16)
  9 crocodiles
  12 giant slugs
  19 giant frogs
  2 big kobolds
  Blork the orc (D:5)
  7 agate snails
  A yaktaur skeleton (D:16)
  33 water moccasins
  A boulder beetle zombie (Vaults:2)
  2 electric eels (D:12)
  2 yak skeletons (D:14)
  A yak zombie (D:14)
  A hippogriff zombie (D:11)
  5 troll skeletons
  30 killer bees
  8 wights
  7 jellyfish
  The ghost of soul the Firebug, a weakling OpFE (D:4)
  A yellow wasp zombie (D:13)
  5 hounds
  8 big fish
  Dowan (D:6)
  3 goliath beetles
  3 quasits
  10 crimson imps
  39 orc priests
  Crazy Yiuf (D:7)
  A basilisk skeleton (D:14)
  A gnoll shaman (D:8)
  12 iguanas
  2 jellies
  A two-headed ogre skeleton (D:11)
  32 orc wizards
  10 worker ants
  2 scorpions
  2 orange rats (Vaults:2)
  22 sheep
  An ogre zombie (Orc:3)
  A boulder beetle simulacrum (Vaults:2)
  A big kobold zombie (D:8)
  A killer bee zombie (D:12)
  2 ogre skeletons
  A mottled dragon skeleton (D:8)
  Terence (D:3)
  A mummy (D:11)
  2 worker ant zombies
  14 gnolls
  37 adders
  81 green rats
  7 giant centipedes
  2 giant mites
  4 white imps (D:14)
  16 worms
  2 ufetubi (D:14)
  An adder zombie (D:7)
  A giant eyeball (D:14)
  8 giant geckos
  2 oozes (D:5)
  167 orcs
  20 bats
  A bat skeleton (D:6)
  A giant cockroach (D:5)
  20 hobgoblins
  23 jackals
  26 kobolds
  9 quokkas
  2 ball pythons
  A giant gecko skeleton (D:5)
  9 giant newts
  2 giant spores
  24 goblins
  A goblin skeleton (Orc:3)
  2 goblin zombies
  3 illusory rakshasas (D:19)
  2 kobold skeletons
  An orc simulacrum (Orc:3)
  An orc skeleton (Orc:3)
  2 orc zombies
  15 rats
  8 ballistomycetes
  7 fungi
  18 plants
1688 creatures vanquished.

Vanquished Creatures (collateral kills)
  Saint Roka (Orc:4)
  Rupert (D:14)
  Louise (D:16)
  2 stone giants (D:14)
  2 greater nagas (Snake:5)
  Snorg (D:16)
  2 hydras
  4 naga warriors (Snake:5)
  A skeletal warrior (D:13)
  A hill giant (D:14)
  A lindwurm (Lair:8)
  2 ironbrand convokers (Vaults:1)
  4 spiny worms (Lair:8)
  2 cyclopes (D:12)
  A vault sentinel (Vaults:3)
  5 naga magi (Snake:5)
  A fire drake (D:12)
  4 giant fireflies (Lair:8)
  2 blink frogs (Lair:5)
  2 giant leeches (Lair:8)
  A blink frog (shapeshifter) (D:14)
  3 slime creatures (D:12)
  A shadow (D:14)
  7 ugly things (D:14)
  A wraith (D:16)
  A hill giant zombie (D:16)
  A hippogriff (Lair:3)
  2 rock worms (Lair:8)
  2 molten gargoyles (Volcano)
  4 nagas (Snake:5)
  An ice beast (D:14)
  2 orc warriors (Orc:4)
  3 brain worms (Lair:8)
  A worker ant (D:14)
  A big kobold zombie (D:14)
  A white imp (D:14)
  7 green rats
  4 worms (Lair:8)
  An ufetubus (D:14)
  3 orcs (Orc:4)
  A rat (Lair:3)
88 creatures vanquished.

Vanquished Creatures (others)
  4 deep trolls
  A lindwurm (Volcano)
  3 trolls
  3 two-headed ogres
  9 ogres
  An adder (Lair:8)
  An orc (D:11)
  A giant spore (D:12)
  A fungus (Lair:8)
  A plant (D:19)
25 creatures vanquished.

Grand Total: 1801 creatures vanquished

Notes
Turn   | Place    | Note
--------------------------------------------------------------
     0 | D:1      | nht, the Gargoyle Hunter, began the quest for the Orb.
     0 | D:1      | Reached XP level 1. HP: 12/12 MP: 0/0
    79 | D:1      | Reached XP level 2. HP: 17/17 MP: 1/1
   119 | D:1      | Reached skill level 1 in Axes
   424 | D:2      | Reached XP level 3. HP: 21/21 MP: 2/2
   446 | D:2      | Found a bloodstained altar of Trog.
   462 | D:2      | Became a worshipper of Trog the Wrathful
   575 | D:2      | Reached XP level 4. HP: 12/26 MP: 3/3
   578 | D:2      | Reached skill level 5 in Crossbows
   714 | D:2      | Acquired Trog's first power
   745 | D:2      | Found a sparkling altar of Nemelex Xobeh.
  1020 | D:3      | Reached XP level 5. HP: 30/30 MP: 4/4
  1035 | D:3      | Noticed Terence
  1040 | D:3      | Killed Terence
  1154 | D:3      | Reached XP level 6. HP: 29/35 MP: 5/5
  1156 | D:3      | Acquired Trog's second power
  1160 | D:3      | Reached skill level 6 in Crossbows
  1351 | D:3      | Noticed Sigmund
  1361 | D:3      | Killed Sigmund
  1603 | D:4      | Reached XP level 7. HP: 39/39 MP: 6/6
  1632 | D:4      | Noticed soul's ghost (weakling OpFE)
  1729 | D:4      | Killed soul's ghost
  1824 | D:4      | Got a heavily runed cloak
  1827 | D:4      | Identified the +2 cloak of Disaster {Dex+4 Acc-3 Curse} (You found it on level 4 of the Dungeon)
  2121 | D:4      | Reached skill level 7 in Crossbows
  2194 | D:5      | Entered Level 5 of the Dungeon
  2201 | D:5      | Reached skill level 5 in Axes
  2268 | D:5      | Found a staircase to the Ecumenical Temple.
  2289 | D:5      | Reached XP level 8. HP: 44/44 MP: 7/7
  2339 | D:5      | Noticed Blork the orc
  2340 | D:5      | Gained mutation: You can translocate small distances at will. [potion of mutation]
  2340 | D:5      | Gained mutation: You evolve. [potion of mutation]
  2340 | D:5      | Gained mutation: Your body is slowly deteriorating. [potion of mutation]
  2346 | D:5      | Killed Blork the orc
  2349 | D:5      | Acquired Trog's third power
  2428 | D:5      | Reached skill level 8 in Crossbows
  2614 | D:5      | Received a gift from Trog
  3092 | D:5      | Reached skill level 1 in Armour
  3374 | D:6      | Found a bloodstained altar of Trog.
  3420 | D:6      | Reached XP level 9. HP: 49/49 MP: 8/8
  3653 | D:6      | Found a basalt altar of Yredelemnul.
  3706 | D:6      | Noticed Duvessa
  3709 | D:6      | Noticed Dowan
  3718 | D:6      | Killed Dowan
  3720 | D:6      | Killed Duvessa
  4009 | D:7      | Received a gift from Trog
  4552 | D:7      | Noticed Crazy Yiuf
  4564 | D:7      | Killed Crazy Yiuf
  4636 | D:8      | Found a burning altar of Makhleb.
  4691 | D:8      | Reached skill level 9 in Crossbows
  4697 | D:8      | Received a gift from Trog
  5056 | D:8      | Received a gift from Trog
  5503 | D:9      | Found a glowing silver altar of Zin.
  5503 | D:9      | Noticed an angel
  5583 | D:9      | Reached XP level 10. HP: 56/56 MP: 9/9
  5651 | D:9      | Lost mutation: Your body is slowly deteriorating. [potion of cure mutation]
  5651 | D:9      | Lost mutation: You can translocate small distances at will. [potion of cure mutation]
  5651 | D:9      | Lost mutation: You evolve. [potion of cure mutation]
  5784 | D:9      | Reached skill level 5 in Fighting
  5949 | D:9      | Found Ygeel's Distillery.
  5966 | D:9      | Bought a potion of confusion for 16 gold pieces
  6249 | D:10     | Entered Level 10 of the Dungeon
  6259 | D:10     | Reached skill level 5 in Armour
  6921 | D:10     | Killed an unseen horror
  7061 | D:10     | Found Khupugg's Assorted Antiques.
  7069 | D:10     | Bought a scroll labeled AHEIMP PSAL for 33 gold pieces
  7069 | D:10     | Bought a fizzy blue potion for 29 gold pieces
  7186 | D:10     | Bought a gnarled glowing rod for 396 gold pieces
  7187 | D:10     | Identified a +3 rod of inaccuracy (9/9) (You bought it in a shop on level 10 of the Dungeon)
  7204 | D:11     | Noticed Psyche
  7207 | D:11     | Killed Psyche
  7207 | D:11     | Reached skill level 10 in Crossbows
  7317 | D:11     | Noticed Harold
  7322 | D:11     | Reached XP level 11. HP: 45/63 MP: 10/10
  7348 | D:11     | Killed Harold
  7348 | D:11     | Received a gift from Trog
  7348 | D:11     | Reached skill level 10 in Axes
  7390 | D:11     | Gained mutation: You need consume almost no food. [potion of beneficial mutation]
  7408 | D:11     | Noticed a hill giant
  7425 | D:11     | Killed a hill giant
  7477 | D:11     | Received a gift from Trog
  7761 | D:11     | Received a gift from Trog
  7812 | D:11     | Found a staircase to the Orcish Mines.
  7872 | D:11     | Received a gift from Trog
  8103 | D:11     | Noticed a hill giant
  8112 | D:11     | Killed a hill giant
  8206 | D:12     | Noticed a hill giant
  8213 | D:12     | Killed a hill giant
  8622 | D:12     | Killed an unseen horror
  8641 | D:12     | Noticed a hill giant
  8646 | D:12     | Killed a hill giant
  8646 | D:12     | Reached skill level 11 in Axes
  8691 | D:12     | Received a gift from Trog
  8721 | D:12     | Found Suorches' Food Shoppe.
  8848 | D:12     | Noticed a six-headed hydra
  8855 | D:12     | Killed a six-headed hydra
  8855 | D:12     | Reached XP level 12. HP: 64/70 MP: 11/11
  9191 | D:12     | Found a staircase to the Lair.
  9200 | D:12     | Identified a +0 rod of frigid destruction (14/14) (You took it off an orc on level 11 of the Dungeon)
  9674 | D:12     | flight?
  9737 | Lair:1   | Entered Level 1 of the Lair of Beasts
  9744 | Lair:1   | Paralysed by a potion of paralysis for 3 turns
  9857 | Lair:1   | Received a gift from Trog
 10304 | Lair:1   | Reached skill level 12 in Axes
 10595 | Lair:2   | Noticed an eight-headed hydra
 10730 | Lair:2   | Killed an eight-headed hydra
 10834 | Lair:2   | Received a gift from Trog
 11380 | Lair:3   | Received a gift from Trog
 11542 | Lair:3   | Noticed a five-headed hydra
 11552 | Lair:3   | Killed a five-headed hydra
 11552 | Lair:3   | Reached XP level 13. HP: 77/77 MP: 12/12
 12154 | Lair:4   | Received a gift from Trog
 12775 | Lair:5   | Reached skill level 10 in Armour
 12805 | Lair:5   | Found a staircase to the Swamp.
 12842 | Lair:5   | Reached skill level 10 in Fighting
 12898 | Lair:5   | Received a gift from Trog
 13071 | Lair:5   | Reached skill level 13 in Axes
 13560 | Lair:6   | Found a dark tunnel.
 13575 | Volcano  | Entered a volcano
 13706 | Volcano  | HP: 2/78 [cloud of flame (19)]
 14177 | Lair:6   | Received a gift from Trog
 14367 | Lair:6   | Found a staircase to the Snake Pit.
 14379 | Lair:6   | Received a gift from Trog
 14916 | Lair:7   | Received a gift from Trog
 15160 | Lair:7   | Gained mutation: Your wings are large and strong. [gargoyle growth]
 15160 | Lair:7   | Reached XP level 14. HP: 84/84 MP: 13/13
 15341 | Lair:8   | Entered Level 8 of the Lair of Beasts
 15350 | Lair:8   | Received a gift from Trog
 15781 | Lair:8   | Found a staircase to the Slime Pits.
 15781 | Lair:8   | Noticed an acid blob
 16187 | Lair:8   | Reached skill level 14 in Axes
 16353 | Lair:8   | Received a gift from Trog
 16866 | Lair:8   | Received a gift from Trog
 17498 | Orc:1    | Entered Level 1 of the Orcish Mines
 17498 | Orc:1    | Noticed Gastronok
 17514 | Orc:1    | Killed Gastronok
 17558 | Orc:1    | Found a roughly hewn altar of Beogh.
 17569 | Orc:1    | Noticed Eustachio
 17584 | Orc:1    | Killed Eustachio
 17763 | Orc:1    | Received a gift from Trog
 17768 | Orc:1    | Found a bloodstained altar of Trog.
 18441 | Orc:3    | Noticed Urug
 18637 | Orc:3    | Noticed Josephine
 18641 | Orc:3    | Killed Josephine
 18707 | Orc:3    | Received a gift from Trog
 18921 | Orc:2    | Noticed Sonja
 18924 | Orc:2    | Killed Sonja
 19103 | Orc:2    | Received a gift from Trog
 19172 | Orc:3    | Killed Urug
 19308 | Orc:4    | Entered Level 4 of the Orcish Mines
 19334 | Orc:4    | Received a gift from Trog
 19386 | Orc:4    | Noticed Nergalle
 19393 | Orc:4    | Killed Nergalle
 19412 | Orc:4    | Found a roughly hewn altar of Beogh.
 19430 | Orc:4    | Received a gift from Trog
 19433 | Orc:4    | Noticed Saint Roka
 19564 | Orc:4    | Received a gift from Trog
 19627 | Orc:4    | Found a staircase to the Elven Halls.
 20100 | Orc:4    | Received a gift from Trog
 20164 | Orc:4    | Found Aracs' Antique Armour Emporium.
 20232 | Orc:4    | Found Khaiff's General Store.
 20243 | Orc:4    | Bought a scroll of immolation for 13 gold pieces
 20243 | Orc:4    | Bought a potion of speed for 71 gold pieces
 20243 | Orc:4    | Bought a potion of flight for 39 gold pieces
 20268 | Orc:4    | Killed Saint Roka
 20268 | Orc:4    | Reached XP level 15. HP: 57/92 MP: 14/14
 20428 | Orc:4    | Bought an ichor-stained cloak for 222 gold pieces
 20579 | Orc:4    | Found Crahyas' Book Emporium.
 20595 | Orc:4    | Found Unwuh's Antique Weapon Emporium.
 20662 | Orc:4    | Identified the +0 cloak of Pathos {rC++} (You bought it in a shop on level 4 of the Orcish Mines)
 20756 | Orc:1    | Received a gift from Trog
 21320 | D:13     | Identified a -1 rod of the swarm (11/11) (You found it on level 13 of the Dungeon)
 21349 | D:13     | Got a pitted scale mail
 21368 | D:13     | Identified the cursed +4 scale mail of Lifelessness {Int+2 Stlth+} (You found it on level 13 of the Dungeon)
 21581 | D:13     | oops
 21581 | D:13     | whatever
 21751 | D:13     | Reached skill level 15 in Axes
 21875 | D:14     | Entered Level 14 of the Dungeon
 21875 | D:14     | Noticed Maud
 22088 | D:14     | Found a blossoming altar of Fedhas.
 22103 | D:14     | Received a gift from Trog
 22125 | D:14     | Killed Maud
 22183 | D:14     | Noticed Rupert
 22189 | D:14     | Killed Rupert
 22214 | D:14     | Noticed Roxanne
 22567 | D:14     | Received a gift from Trog
 22678 | D:14     | Noticed Nessos
 22687 | D:14     | Killed Nessos
 23134 | D:15     | Entered Level 15 of the Dungeon
 23606 | D:15     | Received a gift from Trog
 23845 | D:16     | Found Juyhuef's Antique Armour Shop.
 23982 | D:16     | Noticed Nikola
 24007 | D:16     | Killed Nikola
 24007 | D:16     | Reached skill level 16 in Axes
 24156 | D:16     | Noticed Snorg
 24161 | D:16     | Killed Snorg
 24179 | D:16     | Found Bluamox's Armour Shop.
 24190 | D:16     | Bought the +1 pair of gloves "Limovvuc" {Str+3 Dex+2} for 690 gold pieces
 24210 | D:16     | HP: 2/92 [dragon (5)]
 24320 | D:16     | Noticed Louise
 24363 | D:16     | Killed Louise
 24514 | D:16     | Found Qoad's Food Shop.
 24524 | D:16     | Found Nuisa's Magic Scroll Emporium.
 24535 | D:16     | Bought a scroll of curse jewellery for 30 gold pieces
 24551 | D:16     | Noticed Aizul
 24578 | D:16     | Killed Aizul
 24578 | D:16     | Reached XP level 16. HP: 98/98 MP: 5/15
 24758 | D:16     | Found Ihuvun's Weapon Shop.
 25424 | D:17     | Found a staircase to the Vaults.
 25633 | D:17     | Noticed Wiglaf
 25644 | D:17     | Killed Wiglaf
 26655 | D:18     | Reached skill level 17 in Axes
 27004 | D:19     | Received a gift from Trog
 27203 | D:19     | Noticed Mara
 27204 | D:19     | Noticed Mara
 27578 | D:19     | Reached skill level 15 in Crossbows
 28239 | Snake:1  | Entered Level 1 of the Snake Pit
 28651 | Snake:1  | Noticed Fannar
 28660 | Snake:1  | Killed Fannar
 28660 | Snake:1  | Received a gift from Trog
 29274 | Snake:2  | Received a gift from Trog
 29430 | Snake:3  | Received a gift from Trog
 29431 | Snake:3  | Got a crystal battleaxe {god gift}
 29432 | Snake:3  | Identified the battleaxe "Ythreody" {god gift, elec, +Inv rN+} (Trog gifted it to you on level 3 of the Snake Pit)
 29719 | Snake:3  | Found Cagal's Assorted Antiques.
 29720 | Snake:3  | Found Xaucig's Book Shoppe.
 29723 | Snake:3  | Bought an embroidered cloak for 31 gold pieces
 29773 | Snake:3  | Found a deep blue altar of Sif Muna.
 29898 | Snake:3  | Identified a scroll of acquirement
 30275 | Snake:4  | Found a deep blue altar of Sif Muna.
 30341 | Snake:4  | Received a gift from Trog
 30341 | Snake:4  | Reached XP level 17. HP: 98/103 MP: 16/16
 30592 | Snake:5  | Entered Level 5 of the Snake Pit
 30642 | Snake:5  | Found Sastrupt's Assorted Antiques.
 30649 | Snake:5  | Bought a golden ring for 525 gold pieces
 30649 | Snake:5  | Bought a scroll of blinking for 115 gold pieces
 30649 | Snake:5  | Bought a scroll of identify for 42 gold pieces
 30681 | Snake:5  | Reached skill level 18 in Axes
 30689 | Snake:5  | Received a gift from Trog
 30728 | Snake:5  | Noticed Jorgrun
 30742 | Snake:5  | Killed Jorgrun
 31679 | Snake:5  | Identified a +2 cloak of preservation (You acquired it on level 5 of the Snake Pit)
 31741 | Snake:5  | Got a serpentine rune of Zot
 32374 | Vaults:1 | Entered Level 1 of the Vaults
 32403 | Vaults:1 | Received a gift from Trog
 32441 | Vaults:1 | Received a gift from Trog
 32542 | Vaults:1 | Received a gift from Trog
 32596 | Vaults:1 | Noticed Frances
 32991 | Vaults:1 | Received a gift from Trog
 33237 | Vaults:1 | Received a gift from Trog
 33626 | Vaults:1 | Received a gift from Trog
 34361 | Vaults:1 | Reached skill level 19 in Axes
 34977 | Vaults:1 | Received a gift from Trog
 35109 | Vaults:1 | Reached XP level 18. HP: 72/110 MP: 17/17
 35718 | Vaults:2 | Received a gift from Trog
 36834 | Vaults:2 | Noticed Margery
 37205 | Vaults:2 | Received a gift from Trog
 37216 | Vaults:2 | Killed Margery
 37709 | Vaults:3 | Received a gift from Trog
 38318 | Vaults:3 | Found a staircase to the Hall of Blades.
 38394 | Vaults:3 | Received a gift from Trog
 38583 | Vaults:3 | Found a staircase to the Crypt.
 38644 | Vaults:3 | Noticed Mennas
 38707 | Vaults:3 | Killed Mennas
 38707 | Vaults:3 | Reached XP level 19. HP: 65/117 MP: 18/18
 38896 | Vaults:3 | Paralysed by a great orb of eyes for 3 turns
 38912 | Vaults:3 | Noticed Azrael
 39247 | Vaults:3 | Reached skill level 20 in Axes
 39423 | Vaults:3 | Killed Azrael
 40954 | Vaults:4 | Received a gift from Trog
 41285 | Vaults:4 | Found a glowing silver altar of Zin.
 41444 | Vaults:4 | Found Abri Cro's Gadget Boutique.
 42317 | D:19     | Noticed nht's illusion
 42413 | D:19     | Noticed Mara
 42416 | D:19     | Noticed Mara
 42416 | D:19     | Noticed nht's illusion
 42420 | D:19     | Killed Mara
 42424 | D:19     | HP: 8/177 [Mara/bolt of fire (27)]
 42425 | D:19     | Annihilated by nht's illusion

Action                   |  1- 3 |  4- 6 |  7- 9 | 10-12 | 13-15 | 16-18 | 19-21 || total
-------------------------+-------+-------+-------+-------+-------+-------+-------++-------
Melee: Short sword       |       |    19 |       |       |       |       |       ||    19
       Hand axe          |       |    23 |   332 |   338 |   642 |       |       ||  1335
       War axe           |       |    20 |    17 |       |       |       |       ||    37
       Crossbow          |       |       |       |     1 |       |     2 |     1 ||     4
       Unarmed           |       |       |       |       |     3 |       |       ||     3
       Battleaxe         |       |       |       |       |    80 |   807 |   124 ||  1011
 Fire: Crossbow          |    46 |    52 |    44 |   360 |   856 |   847 |   256 ||  2461
Throw: Hand axe          |       |     1 |       |       |       |       |       ||     1
Invok: Berserk           |       |     2 |     9 |     6 |     7 |     2 |     1 ||    27
       Burn Spellbooks   |       |     1 |       |     1 |     6 |     3 |       ||    11
       Brothers in Arms  |       |       |       |     2 |    17 |    13 |     1 ||    33
       Trog's Hand       |       |       |       |       |     3 |     2 |       ||     5
 Abil: Fly               |       |       |       |       |     1 |       |       ||     1
Evoke: Wand              |       |       |     8 |    17 |    16 |    20 |     1 ||    62
       Rod               |       |       |       |    25 |     4 |     3 |       ||    32
  Use: Potion            |       |     7 |     3 |     6 |     7 |     9 |     2 ||    34
       Scroll            |       |     1 |    15 |    12 |    13 |    22 |     3 ||    66
 Stab: Invisible         |       |     2 |       |       |       |       |       ||     2
       Fleeing           |       |       |       |       |     1 |       |       ||     1
       Distracted        |       |       |       |       |       |     1 |       ||     1
